Map: Catalyst LE

Players

ZenYak

  • Race: Terran Terran
  • League: Platinum
  • Spawn Location: 11:00

axu - Winner!

  • Race: Protoss Protoss
  • League: Platinum
  • Spawn Location: 5:00

VOD

Have the link to the VOD?

Description

Time

  • Played on: March 27, 2018, 12:37 p.m.
  • Length: 20:33
Show
View Real Time Build Order
Export as new Build Order

ZenYak Terran 

Build Orders: Reaper Expand, Mech 

Get SALT Encoding   

  12  0:00  SCV  
  13  0:13  SCV  
  14  0:18  Supply Depot  
  14  0:25  SCV  
  15  0:28  Refinery  
  15  0:39  SCV  
  16  0:46  Barracks  
  16  0:51  SCV  
  17  1:03  SCV  
  18  1:16  SCV  
  19  1:33  Orbital Command  
  19  1:34  Reaper  
  20  1:50  Command Center  
  20  2:07  Barracks Reactor  
  20  2:14  SCV  
  20  2:15  Factory  
  21  2:22  Supply Depot  
  21  2:34  SCV  
  22  2:38  Refinery  
  22  2:46  SCV  
  23  3:07  SCV  
  23  3:08  Orbital Command  
  24  3:13  Cyclone  
  24  3:19  SCV  
  28  3:31  SCV  
  28  3:32  Cyclone  
  28  3:34  SCV  
  33  3:45  Barracks Tech Lab  
  33  3:50  SCV  
  33  3:51  SCV  
  35  3:57  Refinery, Command Center  
  35  3:58  Refinery  
  35  4:11  SCV x2  
  35  4:14  Supply Depot  
  35  4:15  Siege Tank  
  40  4:24  SCV x2  
  42  4:35  Factory  
  42  4:36  SCV x2  
  42  4:38  Starport  
  44  4:47  Supply Depot  
  44  4:48  SCV x2  
  46  4:53  Siege Tank  
  46  4:56  Barracks Tech Lab  
  49  5:00  SCV  
  49  5:03  SCV  
  51  5:12  SCV  
  51  5:13  SCV  
  52  5:24  SCV x2  
  52  5:26  Barracks Reactor, Hellion x2  
  52  5:28  Siege Tank  
  61  5:29  Raven  
  63  5:45  Supply Depot  
  63  5:46  Supply Depot  
  63  5:51  SCV  
  63  5:52  SCV  
  63  5:54  Orbital Command  
  65  6:00  Hellion x2  
  65  6:04  Armory, SCV x2  
  71  6:11  Siege Tank  
  74  6:21  SCV  
  74  6:22  Armory, SCV  
  76  6:27  Liberator  
  76  6:28  Supply Depot  
  76  6:39  SCV x3  
  79  6:42  Hellion  
  79  6:43  Siege Tank, Hellion  
  79  6:45  Medivac  
  91  6:56  Factory  
  91  6:57  Orbital Command  
  91  7:10  Hellion x2  
  95  7:15  Siege Tank  
  79  7:40  Siege Tank, Hellion  
  79  7:41  Hellion  
  79  7:43  Hellion x4  
  81  7:47  Siege Tank  
  84  7:52  SCV x2  
  84  7:54  Terran Vehicle Weapons Level 1  
  84  7:56  Terran Vehicle And Ship Armor Level 1  
  86  7:59  Engineering Bay  
  86  8:02  Hellbat x2  
  86  8:04  SCV  
  91  8:11  SCV  
  92  8:12  Siege Tank  
  92  8:16  SCV  
  99  8:20  Siege Tank  
  99  8:23  SCV  
  99  8:25  Orbital Command  
  100  8:52  Supply Depot  
  100  8:53  Refinery, Supply Depot x3  
  100  8:54  Refinery, Supply Depot  
  100  8:55  Supply Depot x2  
  100  9:10  Supply Depot  
  100  9:13  Armory, Siege Tank x2  
  100  9:14  Hellbat x2  
  100  9:16  Factory  
  110  9:17  Factory  
  110  9:23  Missile Turret  
  110  9:32  Liberator  
  110  9:33  Sensor Tower  
  110  9:35  Hellbat  
  110  9:36  Hellbat  
  117  9:45  Siege Tank x2  
  123  9:56  Hellbat  
  123  9:57  Hellbat  
  119  10:11  Factory Tech Lab x2  
  119  10:16  SCV  
  119  10:17  Siege Tank, SCV x2  
  119  10:18  Hellbat x2  
  119  10:19  Hellbat  
  131  10:23  Supply Depot  
  131  10:26  Supply Depot  
  131  10:28  SCV  
  131  10:29  SCV x2  
  131  10:32  Supply Depot  
  131  10:34  Hellbat x2  
  131  10:35  Supply Depot  
  138  10:36  Command Center  
  138  10:39  Hellbat x2  
  138  10:40  Hellbat  
  138  10:41  SCV  
  138  10:42  Terran Vehicle Weapons Level 2, Terran Vehicle And Ship Armor Level 2  
  145  10:44  Terran Ship Weapons Level 1  
  148  10:50  Siege Tank  
  148  10:55  Siege Tank  
  151  11:12  Siege Tank, Hellbat  
  151  11:13  Siege Tank, Hellbat  
  161  11:22  Siege Tank  
  155  11:44  Siege Tank, Hellbat  
  155  11:45  Siege Tank x2, Hellbat  
  146  11:54  Siege Tank  
  131  12:03  SCV x2  
  131  12:04  SCV  
  131  12:06  Hellbat x2  
  138  12:11  Viking x2  
  142  12:15  SCV x2  
  142  12:16  SCV  
  142  12:17  Siege Tank x2, Hellbat  
  153  12:26  Hellbat  
  153  12:27  SCV, Hellbat x2  
  153  12:28  SCV x2  
  162  12:38  Siege Tank  
  162  12:40  SCV  
  166  12:44  Supply Depot  
  166  12:47  Refinery, Siege Tank  
  166  12:48  Refinery  
  166  12:49  Siege Tank  
  172  13:00  Siege Tank, Hellbat x2  
  172  13:05  Planetary Fortress  
  179  13:08  Supply Depot  
  179  13:09  SCV x3  
  179  13:10  Siege Tank  
  187  13:20  Hellbat  
  187  13:21  SCV x2, Hellbat  
  187  13:22  SCV  
  192  13:31  Hellbat x2  
  192  13:32  Siege Tank  
  192  13:33  SCV x2  
  198  13:43  Supply Depot  
  198  13:44  Supply Depot  
  198  13:46  Refinery, Supply Depot  
  198  13:47  Supply Depot  
  198  13:52  Hellbat  
  198  13:54  Terran Vehicle Weapons Level 3  
  198  13:55  Terran Vehicle And Ship Armor Level 3, Terran Ship Weapons Level 2  
  200  14:45  Siege Tank x2, Hellbat x2  
  198  14:46  Siege Tank x2  
  198  14:49  SCV x2  
  198  14:50  SCV x2  
  148  15:01  SCV  
  148  15:02  SCV x2  
  148  15:06  Hellbat  
  148  15:07  Hellbat  
  146  15:17  Viking x2  
  146  15:18  Hellbat  
  151  15:21  SCV x2  
  151  15:22  SCV x2  
  151  15:28  Hellion x2  
  153  15:29  Thor  
  153  15:30  Thor  
  159  15:39  Siege Tank  
  156  15:47  Viking  
  156  15:49  Hellion x2  
  162  15:56  Starport  
  162  15:58  Starport  
  162  16:00  Infernal Pre-Igniter  
  162  16:02  Command Center  
  162  16:07  Viking  
  164  16:23  Viking  
  166  16:37  Viking  
  168  16:43  Starport Reactor x2  
  168  16:56  Siege Tank, Hellion x2  
  175  17:04  Command Center  
  175  17:23  SCV x2  
  175  17:24  Viking  
  175  17:25  Viking x3  
  183  17:40  Hellion x6  
  183  17:43  Terran Ship Weapons Level 3  
  177  17:45  Viking x2  
  170  17:57  Viking x2  
  155  18:09  Viking x2  
  155  18:33  Viking x2  
  155  18:34  Viking x2  
  151  18:50  Planetary Fortress  
  151  18:55  Missile Turret  
  151  18:56  Missile Turret, Viking x2  
  151  18:59  Command Center  
  151  19:00  Missile Turret  
  155  19:14  Liberator x2  
  155  19:16  Viking x3  
  161  19:18  Refinery  
  161  19:20  Refinery  
  163  19:53  Viking x2  
  170  20:03  Hellbat x2  
Show
View Real Time Build Order
Export as new Build Order

axu Protoss - Winner!

Build Orders: 1 Gate Expand 

Get SALT Encoding   

  12  0:00  Probe  
  14  0:14  Probe  
  14  0:18  Pylon  
  14  0:28  Probe  
  15  0:40  Probe  
  15  0:42  Gateway  
  16  0:49  Assimilator  
  16  0:52  Probe  
  17  1:04  Probe (Chrono Boost)  
  18  1:16  Probe (Chrono Boost)  
  19  1:21  Probe (Chrono Boost)  
  20  1:36  Nexus  
  20  1:45  Pylon  
  20  1:53  Cybernetics Core  
  20  2:05  Probe (Chrono Boost)  
  21  2:10  Assimilator  
  21  2:21  Gateway  
  21  2:22  Probe (Chrono Boost)  
  21  2:23  Gateway  
  21  2:27  Warp Gate (Chrono Boost)  
  22  2:34  Probe (Chrono Boost)  
  22  2:37  Stalker  
  25  2:40  Probe (Chrono Boost)  
  26  2:49  Probe x2  
  28  2:59  Shield Battery  
  28  3:01  Probe  
  28  3:02  Probe  
  30  3:11  Pylon  
  30  3:23  Probe x2  
  30  3:24  Stalker  
  30  3:26  Stalker  
  36  3:31  Stalker  
  38  3:35  Probe  
  39  3:42  Robotics Facility  
  39  3:44  Probe  
  39  3:47  Probe  
  41  3:56  Probe  
  41  3:59  Probe  
  43  4:08  Probe  
  43  4:09  Assimilator  
  44  4:11  Probe  
  44  4:12  Assimilator  
  45  4:18  Pylon  
  46  4:24  Probe x2  
  46  4:29  Observer (Chrono Boost)  
  48  4:36  Probe x2  
  50  4:42  Stalker x3  
  50  4:43  Observer (Chrono Boost)  
  57  4:53  Pylon  
  57  4:57  Forge  
  57  5:00  Twilight Council  
  57  5:02  Immortal  
  61  5:07  Probe  
  61  5:11  Probe  
  63  5:20  Probe  
  64  5:33  Stalker x2  
  64  5:34  Stalker  
  70  5:35  Blink (Chrono Boost)  
  70  5:41  Pylon  
  69  5:44  Pylon  
  69  5:47  Pylon  
  69  5:57  Immortal (Chrono Boost)  
  69  6:02  Protoss Ground Weapons Level 1  
  73  6:12  Nexus  
  73  6:23  Probe x2  
  75  6:28  Pylon  
  75  6:29  Observer  
  75  6:30  Pylon  
  76  6:45  Probe  
  76  6:46  Probe  
  78  6:58  Probe  
  78  7:01  Shield Battery  
  79  7:02  Shield Battery  
  79  7:04  Shield Battery  
  78  7:08  Pylon  
  78  7:10  Gateway  
  78  7:12  Gateway  
  78  7:13  Gateway  
  76  7:49  Immortal  
  80  7:56  Charge  
  80  7:57  Assimilator  
  80  8:01  Assimilator  
  80  8:02  Protoss Ground Weapons Level 2 (Chrono Boost)  
  80  8:10  Forge, Templar Archives  
  80  8:17  Gateway  
  80  8:18  Gateway  
  80  8:20  Gateway  
  80  8:22  Gateway  
  80  8:23  Probe x3  
  83  8:32  Immortal  
  87  8:35  Probe x3  
  87  8:36  Robotics Facility  
  90  8:44  Protoss Ground Armor Level 1 (Chrono Boost)  
  90  9:05  Psionic Storm  
  90  9:13  Warp Prism  
  92  9:19  Zealot x5  
  92  9:20  Zealot x4  
  92  9:21  Zealot  
  112  9:29  Immortal  
  116  9:43  Probe x3  
  119  9:46  High Templar x2  
  119  9:47  High Templar x5  
  133  9:56  Probe x2  
  130  10:12  Probe x3  
  133  10:28  Pylon  
  133  10:31  Pylon  
  133  10:34  Pylon  
  133  10:37  Pylon  
  133  10:46  Immortal, Probe x2  
  133  10:49  Immortal  
  143  10:58  Archon x2  
  143  11:16  Zealot x2  
  143  11:17  Zealot x5  
  143  11:18  Zealot x3  
  163  11:35  Immortal  
  119  11:54  Immortal  
  119  11:56  High Templar x3  
  119  11:57  High Templar x5  
  119  11:58  High Templar x2  
  119  12:01  Archon x4  
  135  12:03  Archon  
  129  12:14  Immortal  
  133  12:30  Protoss Ground Weapons Level 3 (Chrono Boost), Protoss Ground Armor Level 2 (Chrono Boost)  
  133  12:33  Immortal  
  133  12:35  Nexus  
  137  12:38  Stargate  
  137  12:39  Pylon  
  137  12:40  Stargate, Pylon  
  137  12:42  Stargate  
  137  12:43  Pylon  
  137  12:45  Stalker x3, Stargate  
  137  12:46  Stalker x3, Pylon  
  149  13:06  Shield Battery  
  149  13:08  Shield Battery  
  149  13:11  Shield Battery  
  149  13:20  Zealot  
  149  13:21  Zealot x5  
  149  13:51  Fleet Beacon  
  149  14:04  Assimilator  
  149  14:08  Assimilator  
  149  14:15  Zealot x6  
  149  14:16  Zealot x4  
  169  14:22  Void Ray x3  
  169  14:23  Void Ray  
  137  14:53  Zealot  
  137  14:54  Zealot x5  
  137  14:55  Zealot x3  
  111  15:15  Carrier x4  
  117  15:53  Probe x4  
  121  16:05  Probe x4  
  121  16:08  Graviton Catapult (Chrono Boost)  
  125  16:11  Protoss Air Weapons Level 1 (Chrono Boost)  
  125  16:38  Carrier x4 (Chrono Boost)  
  149  17:01  Zealot x2  
  147  17:10  Nexus  
  136  17:51  Mothership  
  144  17:56  Carrier x3  
  144  17:57  Carrier  
  168  18:05  Cybernetics Core  
  168  18:09  Protoss Air Weapons Level 2 (Chrono Boost)  
  153  18:39  Nexus  
  153  18:40  Probe x3  
  156  18:53  Probe  
  156  18:54  Probe x2  
  159  18:58  Pylon  
  159  19:02  Pylon  
  159  19:04  Pylon  
  165  19:28  Assimilator  
  165  19:31  Assimilator  
  165  20:02  Shield Battery x2  
  165  20:05  Shield Battery  
Tags
 
Add a new tag
Caveats
  • Supply blocks, unpowered buildings, or Contaminate may cause inaccurate times.
  • Supply counts are checked every 10 seconds.